Map: [ESL] Data-C

Players

Bly - Winner!

  • Race: Zerg Zerg
  • Spawn Location: 9:00

ForJumy

  • Race: Protoss Protoss
  • Spawn Location: 3:00

Event: DreamHack SC2 Masters 2022 Atlanta (Online)

VOD

Have the link to the VOD?

Description

Time

  • Played on: Oct. 9, 2022, 11:27 a.m.
  • Length: 13:25

All games in this series

Show
View Real Time Build Order
Export as new Build Order

Bly Zerg - Winner!

Build Orders: Pool First 

Get SALT Encoding   

  12  0:00  Drone  
  13  0:13  Overlord  
  13  0:17  Drone  
  14  0:32  Drone  
  14  0:33  Drone  
  16  0:41  Spawning Pool  
  15  0:48  Drone  
  16  1:15  Hatchery  
  15  1:28  Zergling x4  
  15  1:29  Zergling x2  
  18  1:35  Queen  
  20  1:43  Evolution Chamber  
  20  1:46  Hatchery  
  19  1:52  Drone x2  
  21  2:01  Extractor  
  21  2:02  Overlord  
  21  2:17  Drone  
  22  2:30  Hatchery  
  22  2:33  Drone  
  22  2:35  Drone  
  23  2:40  Queen  
  25  2:49  Drone x3  
  28  3:02  Queen  
  29  3:13  Zergling x8  
  33  3:24  Drone x2  
  33  3:25  Drone  
  33  3:27  Metabolic Boost  
  34  3:37  Drone  
  34  3:39  Overlord  
  35  3:44  Zergling x2  
  36  3:54  Zergling x2  
  37  3:59  Drone x6  
  43  4:05  Zergling x2  
  41  4:22  Drone x3  
  41  4:23  Overlord  
  43  4:24  Lair  
  42  4:39  Overlord x2  
  42  4:44  Drone x2  
  43  4:57  Roach Warren  
  43  4:59  Drone  
  43  5:00  Drone x6  
  49  5:07  Queen  
  49  5:10  Extractor  
  49  5:11  Drone x2  
  49  5:12  Extractor  
  49  5:13  Zergling x4  
  53  5:25  Nydus Network  
  52  5:30  Overlord  
  52  5:31  Drone x3  
  55  5:41  Roach  
  55  5:42  Roach, Overlord x3  
  59  5:48  Queen x2  
  63  5:57  Roach x2  
  67  6:02  Nydus Canal  
  66  6:05  Roach x7  
  66  6:08  Extractor  
  79  6:15  Overseer  
  79  6:21  Roach  
  79  6:22  Roach x2  
  79  6:23  Overlord  
  85  6:28  Overlord  
  84  6:33  Overlord  
  84  6:34  Drone x2  
  86  6:50  Roach x3  
  88  6:55  Roach x3  
  90  7:02  Overlord  
  90  7:06  Glial Reconstitution  
  90  7:07  Roach x3  
  90  7:12  Nydus Canal  
  88  7:19  Zergling x10  
  92  7:25  Drone  
  93  7:32  Nydus Canal, Hatchery  
  84  7:45  Zergling x8  
  82  7:51  Nydus Canal  
  76  8:01  Roach x3  
  76  8:06  Nydus Canal  
  76  8:12  Zergling x4  
  71  8:21  Nydus Canal  
  71  8:26  Roach x3  
  71  8:36  Queen x2  
  71  8:37  Drone x2  
  71  8:38  Overseer  
  73  8:47  Queen  
  73  8:48  Drone x5  
  80  8:54  Ravager x4  
  84  8:57  Drone  
  84  8:58  Drone x4  
  89  9:03  Nydus Canal  
  85  9:20  Zergling x14  
  90  9:27  Nydus Canal  
  87  9:35  Zergling x12  
  78  9:48  Nydus Canal  
  78  9:51  Roach x7  
  84  9:57  Roach  
  82  10:05  Nydus Canal, Roach  
  82  10:06  Roach  
  78  10:21  Roach x5  
  78  10:28  Nydus Canal  
  81  10:36  Roach x7  
  81  10:37  Roach x3  
  99  10:43  Drone  
  99  10:47  Nydus Canal  
  96  10:57  Roach x2  
  96  10:58  Roach x4  
  92  11:14  Drone x2  
  92  11:15  Extractor  
  92  11:16  Zergling x8, Extractor  
  94  11:19  Spire  
  94  11:24  Hatchery  
  92  11:27  Zergling x12  
  96  11:39  Nydus Canal  
  86  11:41  Zergling x4  
  86  11:42  Zergling x12  
  88  11:55  Zergling x2  
  88  11:56  Zergling x14  
  88  11:59  Overseer  
  94  12:04  Drone  
  94  12:05  Drone x2  
  97  12:15  Drone x3  
  100  12:33  Mutalisk x7  
  114  12:43  Mutalisk x3  
  119  12:47  Drone x2  
  119  12:48  Drone  
  122  12:57  Overseer  
Show
View Real Time Build Order
Export as new Build Order

ForJumy Protoss 

Build Orders:  

Get SALT Encoding   

  12  0:00  Probe  
  13  0:12  Probe  
  14  0:18  Pylon  
  14  0:24  Probe  
  15  0:36  Probe (Chrono Boost)  
  15  0:40  Gateway  
  16  0:47  Probe (Chrono Boost)  
  17  0:50  Assimilator  
  17  0:52  Probe (Chrono Boost)  
  18  1:04  Probe  
  19  1:17  Probe  
  20  1:28  Zealot  
  20  1:29  Probe, Cybernetics Core  
  23  1:35  Pylon  
  23  1:49  Probe  
  23  2:01  Probe  
  23  2:03  Adept (Chrono Boost)  
  26  2:28  Nexus  
  26  2:34  Adept  
  28  2:42  Assimilator  
  28  2:47  Pylon  
  28  2:49  Probe  
  29  3:04  Stargate  
  29  3:07  Probe  
  29  3:10  Adept  
  32  3:12  Warp Gate  
  32  3:19  Probe  
  33  3:31  Probe (Chrono Boost)  
  34  3:42  Probe (Chrono Boost)  
  34  3:43  Probe (Chrono Boost)  
  36  3:52  Probe x2 (Chrono Boost)  
  42  3:56  Void Ray (Chrono Boost)  
  42  3:57  Probe (Chrono Boost)  
  42  3:58  Probe  
  44  4:09  Probe  
  45  4:13  Pylon  
  41  4:20  Probe, Gateway  
  41  4:21  Probe  
  43  4:32  Probe  
  43  4:33  Probe  
  43  4:35  Twilight Council  
  45  4:44  Probe  
  46  4:46  Nexus  
  46  4:47  Pylon  
  46  4:51  Probe  
  46  4:56  Resonating Glaives (Chrono Boost), Probe  
  46  4:58  Gateway  
  47  5:02  Adept  
  47  5:03  Probe  
  50  5:07  Shield Battery  
  50  5:10  Probe  
  51  5:16  Adept  
  51  5:17  Pylon  
  53  5:23  Adept  
  53  5:24  Probe  
  53  5:25  Probe  
  57  5:31  Robotics Facility  
  57  5:37  Gateway  
  57  5:38  Adept  
  57  5:42  Pylon  
  59  5:45  Adept  
  59  5:46  Probe  
  59  5:49  Probe  
  63  5:54  Adept, Assimilator  
  63  5:55  Adept  
  67  5:58  Assimilator  
  67  5:59  Probe  
  67  6:03  Probe  
  69  6:05  Probe  
  69  6:07  Pylon  
  70  6:14  Probe  
  70  6:15  Forge, Probe  
  70  6:18  Pylon  
  72  6:23  Sentry  
  72  6:24  Void Ray (Chrono Boost)  
  72  6:25  Shield Battery  
  78  6:32  Stalker x2  
  78  6:37  Shield Battery  
  78  6:44  Immortal (Chrono Boost)  
  80  6:54  Stalker x2  
  70  7:09  Stalker x2  
  70  7:13  Immortal (Chrono Boost)  
  69  7:20  Robotics Bay  
  69  7:23  Zealot, Stalker  
  69  7:28  Probe x2  
  75  7:33  Stalker x2  
  76  7:43  Probe  
  69  7:45  Stalker  
  68  7:51  Zealot  
  68  7:57  Immortal (Chrono Boost), Stalker  
  68  8:03  Pylon  
  64  8:11  Pylon  
  59  8:18  Pylon  
  59  8:21  Sentry x2  
  61  8:30  Disruptor (Chrono Boost)  
  61  8:34  Probe  
  61  8:44  Probe  
  62  8:49  Probe  
  62  8:55  Sentry  
  65  8:56  Probe  
  65  8:58  Warp Prism (Chrono Boost)  
  68  9:10  Zealot  
  64  9:29  Disruptor, Stalker x2  
  62  9:35  Probe  
  53  9:39  Probe  
  53  9:45  Zealot  
  56  9:47  Probe  
  55  9:55  Zealot x2  
  57  10:05  Shield Battery  
  57  10:06  Zealot  
  59  10:09  Immortal (Chrono Boost)  
  59  10:16  Stalker  
  61  10:40  Zealot x3  
  61  11:01  Zealot  
  61  11:02  Zealot  
  60  11:09  Observer (Chrono Boost)  
  61  11:12  Probe  
  61  11:13  Probe  
  63  11:24  Probe  
  64  11:26  Probe  
  64  11:27  Cybernetics Core  
  64  11:29  Disruptor (Chrono Boost)  
  68  11:35  Zealot x2  
  63  11:46  Zealot  
  59  11:48  Probe  
  55  11:55  Zealot x2  
  55  11:57  Disruptor (Chrono Boost)  
  60  12:09  Sentry  
  60  12:11  Gateway  
  62  12:17  Sentry x2  
  66  12:23  Gateway  
  66  12:29  Disruptor (Chrono Boost)  
  66  12:35  Gateway  
  69  12:40  Sentry x3  
  75  12:45  Pylon  
  75  13:05  Adept x2  
  82  13:06  Sentry  
  84  13:15  Pylon  
Tags
 
Add a new tag
Caveats
  • Supply blocks, unpowered buildings, or Contaminate may cause inaccurate times.
  • Supply counts are checked every 10 seconds.